Map: Avalon Labs

Players

neulaender - Winner!

  • Race: Zerg Zerg

Baumdoktor - Winner!

  • Race: Protoss Protoss

BennTenn - Winner!

  • Race: Terran Terran

A.I. 3 (Harder)

  • Race: Protoss Protoss

A.I. 4 (Easy)

  • Race: Zerg Zerg

A.I. 5 (Harder)

  • Race: Zerg Zerg

VOD

Have the link to the VOD?

Description

Time

  • Played on: Oct. 10, 2016, 12:39 p.m.
  • Length: 12:21
Show
View Real Time Build Order
Export as new Build Order

neulaender Zerg - Winner!

Build Orders: Hatch First 

Get SALT Encoding   

  12  0:01  Drone  
  13  0:13  Drone  
  14  0:16  Overlord  
  14  0:35  Drone x3  
  17  0:56  Hatchery  
  16  1:03  Drone x2  
  18  1:07  Extractor  
  17  1:18  Spawning Pool  
  16  1:21  Drone  
  17  1:27  Overlord  
  18  1:32  Drone  
  18  1:45  Drone  
  19  1:50  Extractor  
  19  1:52  Drone  
  19  2:06  Drone  
  19  2:08  Queen  
  22  2:09  Queen  
  22  2:11  Drone  
  22  2:15  Drone  
  26  2:19  Metabolic Boost  
  26  2:22  Drone  
  27  2:25  Drone  
  28  2:30  Zergling x2  
  29  2:38  Drone  
  29  2:42  Drone  
  31  2:45  Drone  
  32  2:58  Drone x2  
  34  3:03  Drone  
  35  3:09  Evolution Chamber  
  35  3:10  Drone  
  35  3:11  Evolution Chamber  
  34  3:19  Drone x2  
  36  3:21  Overlord  
  36  3:28  Extractor  
  36  3:30  Drone  
  36  3:31  Drone, Extractor  
  36  3:38  Zerg Missile Weapons Level 1  
  36  3:39  Zerg Ground Armor Level 1  
  36  3:46  Roach Warren  
  35  3:51  Drone x3  
  35  3:53  Drone x3  
  35  3:54  Drone  
  35  3:55  Drone  
  43  4:02  Overlord  
  43  4:12  Lair  
  43  4:15  Drone  
  43  4:16  Overlord  
  44  4:24  Drone x3  
  44  4:26  Drone x4  
  44  4:27  Drone  
  52  4:32  Overlord  
  52  4:35  Drone x2  
  53  4:59  Zergling x2  
  54  5:00  Zergling x16  
  62  5:14  Roach x2  
  66  5:25  Zergling x4  
  60  5:32  Glial Reconstitution  
  59  5:37  Roach  
  59  5:38  Roach x3  
  59  5:40  Overlord x4  
  64  5:53  Roach x3  
  67  5:59  Spine Crawler  
  67  6:00  Zerg Melee Weapons Level 1  
  66  6:05  Roach x5  
  76  6:18  Roach x4  
  76  6:25  Spine Crawler  
  76  6:29  Roach  
  76  6:30  Roach x2  
  81  6:35  Zerg Missile Weapons Level 2  
  79  6:50  Burrow  
  79  6:56  Roach x8  
  95  7:05  Tunneling Claws  
  91  7:08  Overlord x2  
  91  7:25  Zergling x2  
  91  7:26  Zergling x12  
  91  7:27  Zergling x2  
  99  7:36  Roach x2  
  103  7:50  Hatchery  
  102  7:52  Zergling x2, Roach x2  
  102  7:54  Zerg Ground Armor Level 2  
  107  8:02  Hatchery  
  106  8:11  Roach x3  
  106  8:13  Overlord x4  
  106  8:18  Extractor  
  101  8:22  Extractor  
  84  8:34  Zergling x2, Roach  
  84  8:35  Roach x5  
  92  8:47  Drone x2  
  94  9:03  Zerg Melee Weapons Level 2  
  92  9:17  Queen  
  92  9:18  Queen  
  92  9:23  Pneumatized Carapace  
  94  9:28  Infestation Pit, Roach x4  
  94  9:29  Roach x8  
  117  9:54  Extractor  
  117  9:57  Extractor  
  115  10:00  Drone  
  115  10:01  Drone  
  115  10:02  Roach  
  115  10:03  Roach x9  
  137  10:17  Overseer  
  137  10:18  Overseer x2  
  137  10:21  Hive  
  137  10:32  Hydralisk Den  
  136  10:57  Drone x3  
  136  10:58  Overlord x3  
  136  10:59  Overlord x2  
  136  11:00  Roach x6  
  151  11:16  Zergling x18, Overlord  
  151  11:17  Zergling x4  
  160  11:59  Zergling x22  
  160  12:00  Zergling x2  
Show
View Real Time Build Order
Export as new Build Order

Baumdoktor Protoss - Winner!

Build Orders:  

Get SALT Encoding   

  12  0:08  Probe (Chrono Boost)  
  13  0:18  Probe (Chrono Boost)  
  14  0:25  Pylon  
  14  0:31  Probe (Chrono Boost)  
  15  0:43  Probe (Chrono Boost)  
  15  0:49  Assimilator  
  16  1:00  Gateway  
  16  1:16  Nexus  
  16  1:34  Probe (Chrono Boost)  
  17  1:45  Probe (Chrono Boost)  
  18  1:55  Nexus, Probe (Chrono Boost)  
  19  2:03  Pylon  
  19  2:07  Probe (Chrono Boost)  
  20  2:18  Probe (Chrono Boost)  
  21  2:25  Assimilator  
  21  2:42  Pylon  
  21  3:00  Probe (Chrono Boost)  
  21  3:04  Probe (Chrono Boost)  
  23  3:10  Probe (Chrono Boost)  
  23  3:11  Probe (Chrono Boost)  
  25  3:15  Probe (Chrono Boost)  
  26  3:21  Probe (Chrono Boost)  
  26  3:22  Probe (Chrono Boost)  
  26  3:24  Assimilator  
  26  3:25  Probe (Chrono Boost)  
  29  3:31  Probe (Chrono Boost)  
  29  3:33  Probe (Chrono Boost)  
  31  3:36  Probe (Chrono Boost)  
  31  3:39  Assimilator  
  32  3:42  Probe (Chrono Boost)  
  32  3:43  Probe (Chrono Boost)  
  34  3:52  Probe (Chrono Boost)  
  34  3:54  Probe (Chrono Boost)  
  36  3:59  Probe (Chrono Boost)  
  37  4:03  Probe (Chrono Boost)  
  39  4:10  Probe (Chrono Boost)  
  39  4:12  Probe (Chrono Boost)  
  39  4:13  Probe (Chrono Boost)  
  41  4:20  Cybernetics Core, Probe (Chrono Boost)  
  41  4:23  Probe (Chrono Boost)  
  44  4:24  Probe (Chrono Boost)  
  44  4:30  Pylon  
  44  4:33  Probe (Chrono Boost), Pylon  
  44  4:35  Probe (Chrono Boost)  
  44  4:38  Pylon  
  46  4:44  Probe (Chrono Boost)  
  46  4:45  Probe (Chrono Boost)  
  48  4:46  Pylon  
  48  4:48  Zealot  
  50  4:53  Pylon  
  50  4:54  Probe (Chrono Boost)  
  51  5:00  Assimilator  
  51  5:12  Gateway  
  51  5:13  Gateway  
  51  5:14  Gateway  
  51  5:17  Gateway  
  51  5:19  Gateway  
  51  5:21  Gateway  
  51  5:25  Gateway  
  51  5:29  Gateway  
  51  5:32  Gateway  
  51  5:35  Gateway  
  50  5:36  Gateway, Warp Gate  
  50  5:42  Twilight Council  
  50  5:46  Robotics Facility  
  50  5:47  Gateway  
  50  5:49  Gateway  
  50  5:54  Gateway  
  48  5:59  Zealot  
  52  6:04  Zealot x2  
  52  6:05  Zealot x2  
  52  6:06  Zealot  
  52  6:09  Zealot  
  62  6:13  Zealot  
  64  6:22  Charge  
  64  6:26  Zealot  
  64  6:31  Zealot x2  
  64  6:32  Zealot x2, Forge x2  
  74  6:36  Probe (Chrono Boost)  
  75  6:43  Probe (Chrono Boost)  
  75  6:46  Probe (Chrono Boost)  
  77  6:54  Probe (Chrono Boost)  
  78  6:57  Probe (Chrono Boost)  
  79  7:04  Probe (Chrono Boost)  
  79  7:08  Probe (Chrono Boost)  
  81  7:15  Probe (Chrono Boost)  
  82  7:18  Probe (Chrono Boost)  
  83  7:25  Probe (Chrono Boost)  
  84  7:49  Assimilator  
  84  7:52  Probe (Chrono Boost)  
  85  8:02  Probe (Chrono Boost), Blink  
  85  8:05  Stalker x6  
  94  8:06  Stalker x5  
  109  8:13  Probe (Chrono Boost)  
  109  8:47  Templar Archives  
  109  8:48  Pylon  
  109  8:49  Probe (Chrono Boost), Pylon  
  98  8:59  Probe (Chrono Boost)  
  98  9:01  Pylon  
  83  9:04  Pylon  
  81  9:10  Pylon  
  81  9:15  Pylon  
  79  9:21  Pylon  
  79  9:26  Zealot  
  79  9:27  Pylon  
  79  9:30  Zealot x6  
  79  9:31  Zealot x5  
  97  9:32  Zealot x3, Pylon  
  109  9:39  Pylon  
  105  10:03  Resonating Glaives  
  97  10:17  Zealot  
  97  10:19  Zealot x4  
  97  10:20  Zealot x6  
  97  10:21  Zealot x3  
  119  10:22  Zealot  
  109  11:03  Stalker x6  
  109  11:04  Stalker x5  
  123  11:05  Stalker x4  
Show
View Real Time Build Order
Export as new Build Order

BennTenn Terran - Winner!

Build Orders:  

Get SALT Encoding   

  12  0:08  SCV  
  13  0:20  SCV  
  14  0:31  Supply Depot  
  14  0:32  SCV  
  15  0:52  SCV  
  16  1:04  SCV  
  16  1:05  Supply Depot  
  17  1:16  SCV  
  17  1:17  Barracks  
  18  1:31  SCV  
  19  1:45  SCV  
  20  1:51  Refinery  
  20  1:52  Command Center  
  20  1:53  Refinery  
  20  2:05  Barracks  
  20  2:08  SCV  
  21  2:20  SCV  
  21  2:21  Engineering Bay  
  22  2:39  Orbital Command  
  22  3:08  Planetary Fortress  
  22  3:14  SCV  
  23  3:23  Command Center  
  23  3:26  SCV  
  24  3:28  Barracks  
  24  3:45  SCV  
  24  3:48  SCV  
  26  3:57  SCV  
  27  4:09  SCV  
  28  4:18  Barracks  
  28  4:21  SCV  
  29  4:25  Barracks Reactor  
  29  4:33  Barracks Reactor  
  29  4:37  Barracks Reactor  
  29  4:42  SCV  
  29  4:44  SCV  
  31  4:52  SCV  
  32  4:54  SCV  
  32  4:56  SCV  
  34  5:04  SCV  
  34  5:06  SCV  
  36  5:08  SCV  
  36  5:11  Marine  
  36  5:12  Marine  
  38  5:16  Marine x3  
  38  5:17  Marine x2  
  38  5:18  SCV  
  38  5:20  SCV  
  45  5:26  Terran Infantry Weapons Level 1  
  45  5:29  Marine x2  
  45  5:30  SCV  
  45  5:32  SCV  
  45  5:34  Marine x4  
  45  5:35  Marine  
  54  5:37  Factory  
  54  5:42  SCV  
  48  5:44  SCV  
  48  5:47  Marine x2  
  51  5:52  Marine x5  
  51  5:54  SCV  
  51  5:57  SCV  
  51  6:05  Marine  
  52  6:15  Marine  
  52  6:16  Marine x4  
  52  6:18  Barracks Reactor  
  57  6:23  Marine  
  58  6:29  Factory  
  58  6:33  Marine x3  
  58  6:36  Marine x2  
  57  6:40  Marine  
  53  6:49  Factory Tech Lab  
  53  6:51  Marine x3  
  53  6:53  Marine  
  57  6:54  Marine  
  57  6:56  SCV  
  57  6:57  Factory  
  57  6:58  Marine  
  57  7:00  Refinery  
  57  7:04  Refinery  
  57  7:05  SCV  
  59  7:08  SCV  
  59  7:09  Marine x2  
  59  7:10  Refinery  
  61  7:16  Supply Depot  
  61  7:20  Supply Depot, Terran Infantry Armor Level 1  
  61  7:27  Factory  
  61  7:33  Factory Tech Lab  
  61  7:38  SCV, Marine x7  
  61  7:41  Marine  
  61  7:42  Supply Depot, SCV  
  71  7:48  Supply Depot  
  71  7:50  SCV  
  72  7:54  SCV  
  72  7:55  Marine x4  
  77  7:59  Factory Tech Lab  
  77  8:04  Marine x4  
  77  8:05  Supply Depot  
  81  8:06  SCV  
  81  8:07  Supply Depot  
  81  8:08  Supply Depot  
  81  8:10  Supply Depot  
  82  8:13  Marine x4  
  82  8:18  SCV  
  87  8:22  Marine x4  
  91  8:28  Factory Tech Lab  
  91  8:30  SCV  
  91  8:31  Marine x4  
  91  8:32  Supply Depot  
  91  8:33  Armory  
  96  8:39  Marine x4  
  100  8:42  SCV  
  101  8:49  Marine x4  
  101  8:54  Command Center, SCV  
  106  8:57  Marine  
  106  9:02  Marine x2  
  107  9:03  Marine  
  107  9:07  Marine x4  
  114  9:14  Hi-Sec Auto Tracking  
  114  9:15  Marine  
  115  9:20  Supply Depot, Marine x3  
  115  9:24  Supply Depot, Marine  
  118  9:28  SCV  
  120  9:32  Planetary Fortress  
  120  9:40  SCV  
  121  9:59  Marine x6  
  126  10:01  Command Center  
  126  10:02  Thor x3  
  147  10:10  Neosteel Frame  
  147  10:14  Thor  
  153  10:20  Marine  
  153  10:21  Marine  
  153  10:38  SCV  
  154  10:45  Thor  
  160  10:50  SCV  
  161  11:00  Marine  
  161  11:01  Marine x2  
  164  11:13  SCV, Marine x5  
  170  11:18  Marine x2  
  170  11:19  Marine  
  170  11:25  SCV  
  174  11:30  Marine x5  
  179  11:40  Command Center  
  179  11:46  Marine  
  179  11:49  Marine  
  179  11:52  Marine  
  179  11:54  Marine  
  179  11:56  Marine  
  179  11:57  SCV  
  179  12:00  Supply Depot  
  179  12:06  Supply Depot  
  179  12:07  Supply Depot  
  179  12:11  Supply Depot  
  179  12:12  Supply Depot  
Show
View Real Time Build Order
Export as new Build Order

A.I. 3 (Harder) Protoss 

Build Orders:  

Get SALT Encoding   

  12  0:01  Probe (Chrono Boost)  
  13  0:12  Probe (Chrono Boost)  
  14  0:20  Pylon  
  14  0:22  Probe (Chrono Boost)  
  15  0:38  Probe (Chrono Boost)  
  16  0:47  Assimilator  
  16  0:48  Probe (Chrono Boost)  
  17  0:51  Gateway  
  17  0:59  Probe (Chrono Boost)  
  17  1:00  Pylon  
  18  1:10  Probe (Chrono Boost)  
  19  1:23  Probe (Chrono Boost)  
  20  1:34  Zealot  
  22  1:42  Cybernetics Core  
  22  1:44  Gateway  
  22  1:49  Assimilator  
  22  2:06  Pylon  
  22  2:13  Zealot  
  22  2:14  Warp Gate  
  24  2:28  Stalker  
  26  2:39  Adept  
  28  2:51  Pylon  
  28  2:57  Stalker  
  28  3:05  Stalker  
  30  3:09  Probe (Chrono Boost)  
  34  3:20  Probe (Chrono Boost)  
  34  3:26  Stalker  
  34  3:27  Forge  
  34  3:32  Probe (Chrono Boost)  
  34  3:33  Stalker  
  37  3:38  Pylon  
  39  3:44  Probe (Chrono Boost)  
  40  3:54  Adept  
  41  3:56  Probe (Chrono Boost)  
  43  4:07  Probe (Chrono Boost)  
  44  4:30  Protoss Ground Weapons Level 1  
  44  4:34  Sentry  
  46  4:38  Gateway  
  46  4:41  Sentry  
  46  4:43  Pylon  
  48  4:56  Sentry  
  50  5:00  Photon Cannon  
  50  5:04  Sentry  
  50  5:05  Pylon  
  52  5:09  Nexus  
  52  5:17  Zealot  
  54  5:25  Zealot  
  56  5:33  Sentry  
  58  5:36  Robotics Facility  
  58  5:40  Sentry  
  58  5:47  Zealot  
  60  5:55  Zealot  
  58  6:05  Photon Cannon  
  58  6:11  Adept  
  58  6:15  Protoss Ground Armor Level 1  
  58  6:18  Adept  
  56  6:21  Observer  
  56  6:22  Probe x2 (Chrono Boost)  
  54  6:33  Probe (Chrono Boost)  
  54  6:34  Probe (Chrono Boost)  
  54  6:38  Stalker  
  57  6:42  Observer  
  57  6:45  Probe x2 (Chrono Boost)  
  60  6:52  Stalker  
  62  6:57  Probe (Chrono Boost)  
  62  6:58  Probe (Chrono Boost)  
  64  7:02  Stalker  
  67  7:08  Probe (Chrono Boost)  
  67  7:09  Pylon  
  67  7:10  Probe (Chrono Boost)  
  68  7:17  Pylon  
  68  7:19  Probe (Chrono Boost)  
  68  7:21  Probe (Chrono Boost)  
  70  7:28  Stargate  
  70  7:30  Probe (Chrono Boost)  
  70  7:32  Probe (Chrono Boost)  
  72  7:38  Twilight Council  
  72  7:41  Probe (Chrono Boost)  
  72  7:43  Photon Cannon, Probe (Chrono Boost)  
  74  7:52  Photon Cannon  
  74  7:57  Forge  
  74  8:10  Stalker  
  74  8:11  Pylon  
  62  8:15  Probe (Chrono Boost)  
  53  8:20  Probe (Chrono Boost)  
  48  8:30  Warp Prism  
  23  8:57  Nexus  
  23  9:45  Probe (Chrono Boost)  
  24  9:55  Probe (Chrono Boost)  
  24  10:01  Robotics Facility  
  24  10:06  Probe (Chrono Boost)  
  25  10:16  Probe (Chrono Boost)  
  25  10:19  Nexus  
  3  11:32  Probe (Chrono Boost)  
  4  11:43  Probe (Chrono Boost)  
Show
View Real Time Build Order
Export as new Build Order

A.I. 4 (Easy) Zerg 

Build Orders: Pool First 

Get SALT Encoding   

  12  0:01  Drone  
  13  0:12  Overlord  
  13  0:17  Drone  
  14  0:30  Drone  
  14  0:34  Drone  
  16  0:43  Spawning Pool  
  16  0:45  Drone  
  16  0:49  Extractor  
  15  0:51  Drone  
  16  0:59  Overlord  
  16  1:30  Zergling x2  
  16  1:32  Queen  
  19  1:33  Roach Warren  
  19  1:35  Drone  
  19  1:39  Extractor  
  18  1:42  Drone  
  19  1:53  Zergling x2  
  20  2:08  Overlord  
  20  2:17  Lair, Roach  
  22  2:41  Roach  
  24  2:47  Drone  
  25  2:53  Drone  
  25  2:58  Drone  
  27  3:03  Drone  
  28  3:17  Drone, Hydralisk Den  
  28  3:24  Overlord  
  28  3:30  Drone  
  29  3:35  Drone  
  30  3:47  Hydralisk  
  32  4:11  Hydralisk  
  34  6:02  Zergling x2  
  34  6:25  Drone  
  35  6:26  Roach  
  35  6:27  Overseer  
  35  6:28  Overseer  
  35  6:29  Overlord  
  35  6:30  Drone, Overlord  
  38  6:34  Drone, Hatchery  
  38  6:39  Drone  
  39  6:48  Roach  
  33  7:08  Roach  
  33  7:29  Zergling x2  
  34  7:47  Drone  
  34  7:49  Hydralisk  
  38  7:51  Drone  
  38  7:55  Drone  
  38  7:58  Extractor  
  38  8:00  Drone, Extractor  
  38  8:04  Drone  
  39  8:08  Drone  
  39  8:10  Hydralisk  
  42  8:14  Drone  
  42  8:19  Drone  
  44  8:23  Drone  
  45  8:28  Drone  
  45  8:31  Roach  
  45  8:32  Drone  
  49  8:36  Drone  
  49  8:41  Drone  
  51  8:45  Drone  
  52  8:50  Drone  
  52  8:52  Roach  
  52  8:54  Drone  
  55  8:59  Drone  
  54  9:04  Drone  
  54  9:09  Drone  
  56  9:13  Drone, Zergling x2  
  56  9:15  Overlord  
  58  9:18  Drone  
  59  9:34  Roach  
  56  9:55  Zergling x2  
  49  10:15  Hydralisk  
  48  10:36  Roach  
  50  10:44  Overlord  
  50  10:57  Roach  
  50  11:18  Roach  
  52  11:37  Drone  
  52  11:39  Zergling x2  
  43  11:41  Drone  
  43  11:44  Overseer  
  34  11:53  Spawning Pool  
  31  11:59  Drone  
Show
View Real Time Build Order
Export as new Build Order

A.I. 5 (Harder) Zerg 

Build Orders: Pool First 

Get SALT Encoding   

  12  0:01  Drone  
  13  0:12  Overlord  
  13  0:17  Drone  
  14  0:30  Drone x2  
  16  0:43  Spawning Pool  
  16  0:45  Drone  
  16  0:49  Drone  
  17  0:52  Extractor  
  17  0:55  Drone  
  17  1:05  Overlord  
  17  1:29  Queen  
  17  1:31  Zergling x2  
  20  1:36  Roach Warren  
  20  1:38  Drone  
  20  1:40  Zergling x2  
  20  1:41  Extractor  
  20  1:49  Drone  
  21  1:59  Drone  
  22  2:10  Lair  
  22  2:17  Roach  
  24  2:24  Drone  
  25  2:32  Roach  
  27  2:38  Drone  
  28  2:47  Overlord  
  30  3:05  Roach  
  30  3:06  Overlord  
  30  3:12  Drone, Hydralisk Den  
  30  3:15  Roach  
  32  3:26  Roach  
  34  3:35  Roach  
  34  3:36  Overlord  
  36  3:43  Hydralisk  
  38  3:53  Roach  
  40  4:03  Roach  
  42  4:11  Hydralisk  
  42  4:15  Overlord  
  44  4:19  Drone  
  44  4:21  Hydralisk  
  44  4:23  Drone  
  48  4:26  Drone  
  49  4:33  Drone  
  50  4:42  Hydralisk  
  50  4:43  Drone  
  53  4:46  Baneling Nest, Drone  
  53  4:49  Drone  
  54  4:55  Evolution Chamber  
  54  4:57  Drone  
  54  6:01  Overlord, Muscular Augments, Zerg Melee Weapons Level 1, Roach  
  54  6:02  Burrow  
  56  6:09  Roach  
  56  6:10  Spore Crawler  
  57  6:12  Hatchery  
  57  6:15  Hydralisk  
  58  6:19  Overseer  
  58  6:22  Hydralisk  
  60  6:27  Drone  
  61  6:38  Spore Crawler, Zergling x2  
  53  6:40  Drone, Overseer  
  53  6:45  Roach  
  48  6:51  Hydralisk  
  50  6:59  Roach  
  52  7:07  Roach  
  54  7:13  Hydralisk  
  56  7:20  Hydralisk  
  58  7:25  Drone  
  58  7:27  Drone x3  
  58  7:28  Drone  
  63  7:31  Drone  
  63  7:34  Drone  
  65  7:41  Drone  
  66  7:44  Overlord  
  66  7:52  Drone  
  66  7:54  Drone x2, Hydralisk  
  66  7:55  Zerg Ground Armor Level 1  
  66  7:56  Drone  
  72  8:04  Drone  
  73  8:06  Drone  
  74  8:15  Drone, Spine Crawler  
  74  8:17  Drone  
  74  8:19  Spine Crawler  
  74  8:24  Spore Crawler  
  74  8:25  Drone  
  74  8:26  Drone, Overlord  
  75  8:28  Drone  
  75  8:30  Drone  
  77  8:34  Hydralisk  
  77  8:35  Spore Crawler  
  77  8:38  Queen  
  78  8:44  Queen  
  78  8:47  Roach  
  80  8:50  Zergling x2  
  80  8:51  Infestation Pit  
  69  8:58  Roach  
  69  9:00  Roach  
  69  9:03  Roach  
  69  9:05  Roach  
  67  9:12  Roach  
  59  9:19  Roach  
  59  9:24  Extractor  
  59  9:26  Roach  
  59  9:28  Extractor  
  57  9:33  Roach, Hydralisk  
  59  9:41  Roach  
  59  9:42  Spine Crawler  
  59  9:43  Roach  
  59  9:45  Spine Crawler  
  58  9:47  Drone  
  58  9:48  Drone, Roach  
  58  9:50  Drone  
  61  9:53  Drone  
  61  9:54  Roach  
  61  9:55  Roach  
  61  9:56  Drone  
  61  9:57  Drone  
  60  10:00  Drone  
  60  10:02  Hydralisk  
  61  10:10  Hydralisk  
  63  10:19  Roach  
  57  10:27  Roach  
  56  10:33  Drone  
  56  10:34  Hydralisk  
  51  10:37  Evolution Chamber  
  51  10:42  Hydralisk  
  40  10:43  Roach  
  40  10:49  Queen  
  41  10:51  Zergling x2  
  41  10:55  Zergling x2  
  43  11:03  Roach  
  41  11:05  Zergling x2  
  41  11:06  Drone  
  41  11:08  Zergling x2  
  41  11:11  Zergling x2  
  41  11:13  Drone x4  
  41  11:14  Zergling x2  
  41  11:16  Zergling x2  
  41  11:19  Zergling x2  
  41  11:22  Drone  
  41  11:25  Zergling x2  
  41  11:28  Overseer  
  41  11:29  Extractor  
Tags
 
Add a new tag
Caveats
  • Supply blocks, unpowered buildings, or Contaminate may cause inaccurate times.
  • Supply counts are checked every 10 seconds.